 Dungeon Crawl Stone Soup version 0.27.1-4-g1640c2035a (webtiles) character file.

Game seed: 9123610097640054885

109752 demibob the Executioner (level 16, 0/155 HPs)
             Began as a Hill Orc Fighter on Nov 7, 2021.
             Was the Champion of Zin.
             Slain by a naga ritualist (13 damage)
             ... on level 2 of the Snake Pit.
             The game lasted 01:22:37 (39852 turns).

demibob the Executioner (Hill Orc Fighter)         Turns: 39852, Time: 01:22:37

Health: 0/155      AC: 28    Str: 21    XL:     16   Next: 53%
Magic:  26/26      EV: 11    Int:  8    God:    Zin [******]
Gold:   668        SH:  0    Dex: 18    Spells: 15/15 levels left

rFire    + . .     SeeInvis +   a - +5 executioner's axe "Xiub" {spect, rC+ Dex+3 SInv}
rCold    + . .     Faith    .   (shield currently unavailable)
rNeg     . . .     Spirit   .   m - +2 plate armour {rPois}
rPois    +         Reflect  .   j - +2 hat
rElec    .         Harm     .   q - +0 cloak
rCorr    .         Rampage  .   e - +1 pair of gloves
Will     +....                  y - +2 pair of boots
Stlth    ..........             J - amulet of magic regeneration
HPRegen  0.35/turn              E - +4 ring of evasion
MPRegen  0.45/turn              F - ring of protection from fire

@: reciting
A: no striking features
a: Renounce Religion, Recite, Vitalisation, Imprison, Sanctuary, Donate Gold


You were on level 2 of the Snake Pit.
You worshipped Zin.
Zin was exalted by your worship.
You visited 4 branches of the dungeon, and saw 25 of its levels.

You collected 2816 gold pieces.
You spent 1811 gold pieces at shops.
You donated 337 gold pieces to Zin.


   Skills:
 - Level 17.3 Fighting
 + Level 21.6 Axes
 + Level 14.1 Armour
 - Level 3.2 Shields
 - Level 14.4 Invocations


You had 15 spell levels left.
You didn't know any spells.
Your spell library contained the following spells:

 Spells                   Type           Power      Damage    Failure   Level
 Magic Dart               Conj           0%         1d3       99%         1
 Sandblast                Erth           0%         2d4       99%         1
 Blink                    Tloc           N/A        N/A       100%        2
 Call Imp                 Summ           0%         N/A       100%        2
 Searing Ray              Conj           0%         3d3       100%        2
 Static Discharge         Conj/Air       0%         N/A       100%        2
 Conjure Flame            Conj/Fire      0%         6-21      100%        3
 Ignite Poison            Fire/Tmut/Pois 0%         N/A       100%        3
 Mephitic Cloud           Conj/Pois/Air  0%         N/A       100%        3
 Stone Arrow              Conj/Erth      0%         3d7       100%        3
 Tukima's Dance           Hex            0%         N/A       100%        3
 Dispel Undead            Necr           0%         3d6       100%        4
 Hailstorm                Conj/Ice       0%         3d3       100%        4
 Passage of Golubria      Tloc           N/A        N/A       100%        4
 Sticky Flame             Conj/Fire      0%         2d3       100%        4
 Bolt of Magma            Conj/Fire/Erth 0%         4d4       100%        5
 Borgnjor's Vile Clutch   Necr/Erth      0%         N/A       100%        5
 Manifold Assault         Tloc           0%         N/A       100%        5
 Yara's Violent Unravell  Hex/Tmut       0%         3d3       100%        5
 Spellforged Servitor     Conj/Summ      0%         N/A       100%        7
 Storm Form               Tmut/Air       0%         N/A       100%        7
 Shatter                  Erth           0%         3d5*      100%        9

Inventory:

Hand Weapons
 a - the +5 executioner's axe "Xiub" (weapon) {spect, rC+ Dex+3 SInv}
   (You acquired it on level 14 of the Dungeon)

   When its wielder attacks, the weapon's spirit leaps out and strikes again.
   The spirit shares a part of any damage it takes with its wielder.
   Dex:       It affects your dexterity (+3).
   rC:        It protects you from cold.
   SInv:      It lets you see invisible.
 b - a +2 battleaxe of freezing
 v - a +1 scimitar of flaming
 A - a +3 war axe of flaming
Missiles
 f - 45 poisoned darts (quivered)
 h - 8 curare-tipped darts {=f}
 l - a throwing net {=f}
Armour
 e - a +1 pair of gloves (worn)
 j - a +2 hat (worn)
 m - a +2 plate armour of poison resistance (worn)
 q - a +0 cloak (worn)
 y - a +2 pair of boots (worn)
Jewellery
 E - a +4 ring of evasion (left hand)
 F - a ring of protection from fire (right hand)
 J - an amulet of magic regeneration (around neck)
 R - a ring of resist corrosion
Wands
 d - a wand of iceblast (22)
 p - a wand of digging (14)
 r - a wand of flame (89)
Scrolls
 c - 6 scrolls of identify {@r1}
 i - 5 scrolls of immolation
 n - a scroll of teleportation {@r2}
 o - 2 scrolls of magic mapping
 u - 2 scrolls of enchant weapon
 D - 2 scrolls of brand weapon
 H - 9 scrolls of enchant armour
Potions
 g - 2 potions of ambrosia
 s - 2 potions of brilliance
 t - 4 potions of lignification
 w - 4 potions of attraction
 x - 2 potions of invisibility
 z - 2 potions of curing {@q1}
 I - 3 potions of flight
 N - 4 potions of mutation

Dungeon Overview and Level Annotations

Branches:
Dungeon (15/15)            Temple (0/1) D:6            Lair (6/6) D:8
  Swamp (0/4) Lair:2        Snake (2/4) Lair:2        Slime (0/5) Lair:5
    Orc (2/2) D:9             Elf (0/3) Orc:2        Vaults (0/5) D:13
 Depths (0/5) D:15

Altars:
Ashenzari
Makhleb
Nemelex Xobeh
Uskayaw
Vehumet
Wu Jian
Zin
The Shining One
Beogh
Jiyva

Shops:
D:8 [   Orc:2 *[(!:   Snake:1 =*[

Portals:
Abyss: Lair:6

Annotations:
D:3 1 runed translucent door, Frikar's ghost, amateur TrMo
D:7 3 runed translucent doors, Arandomuser's ghost, novice MiFi
D:14 Roxanne
D:15 3 runed translucent doors, MuffinSoup's ghost, journeyman OpWz
Lair:2 exclusion: oklob plant
Lair:3 1 runed translucent door, iamoutofideas's ghost, journeyman DEAE
Lair:6 2 transporters, ders's ghost, journeyman GrEE

#...$.#
################.......
####
###....#...#..##.........
#.. #.......N{@.#.#
.......( #..
##........S#..###......
#.###.........###...##...#
##..).........##
##..##.N.##..#
...##))).....##
#.#..........
.####.......##
#####.......$ .##
#).S..### #...N.... ..#
##.)N## ## .........
..####)#..###### .#
.........


You could see a naga ritualist, a black mamba and a friendly +5 executioner's
axe "Xiub" {spect, rC+ Dex+3 SInv} (summoned).


Message History

* * * LOW HITPOINT WARNING * * *
Okay, then.
Okay, then.
Okay, then.
You feel better.
The black mamba bites you but does no damage.
The anaconda closely misses you. The anaconda constricts you.
The anaconda bites you but does no damage.
The anaconda constricts you.
* * * LOW HITPOINT WARNING * * *
The black mamba barely misses you.
The naga ritualist hits you but does no damage.
Use which ability? (? or * to list)
You clear your throat and prepare to recite. "The heretics stood before Zin, and in that instant..."
The black mamba completely misses you.
The anaconda bites you but does no damage.
The anaconda constricts you.
* * * LOW HITPOINT WARNING * * *
The naga ritualist hits you but does no damage.
The anaconda bites you but does no damage.
The anaconda constricts you. The black mamba barely misses you.
You slice the anaconda!!
You kill the anaconda!
You barely miss the black mamba.
Your +5 executioner's axe "Xiub" {spect, rC+ Dex+3 SInv} hits the black mamba!!
Your +5 executioner's axe "Xiub" {spect, rC+ Dex+3 SInv} hits the naga ritualist!
The black mamba barely misses you.
The naga ritualist hits you from afar with a +0 trident!
You die...

Skill      XL: |  1  2  3  4  5  6  7  8  9 10 11 12 13 14 15 16 |
---------------+-------------------------------------------------+-----
Axes           | 3 4 5 6 8 9 10 12 13 14 15 16 18 20 21 | 21.6
Fighting       | 4 5 6 8 10 12 14 16 17 | 17.3
Invocations    | 2 6 9 10 11 14 | 14.4
Armour         | 4 6 8 11 12 14 | 14.1
Shields        | |  3.2

Action                   |  1- 3 |  4- 6 |  7- 9 | 10-12 | 13-15 | 16-18 || total
-------------------------+-------+-------+-------+-------+-------+-------++-------
Melee: War axe           |    94 |   180 |   316 |   600 |   259 |       ||  1449
       Unarmed           |       |       |     2 |       |       |       ||     2
       Battleaxe         |       |       |       |       |   614 |       ||   614
       Executioner's axe |       |       |       |       |   156 |   132 ||   288
Throw: Dart              |       |       |       |     1 |       |       ||     1
Invok: Recite            |       |       |     2 |     2 |     9 |     2 ||    15
       Donate Gold       |       |       |     1 |       |       |       ||     1
Evoke: Wand              |       |       |    19 |    32 |    33 |       ||    84
  Use: Scroll            |       |     8 |     6 |     9 |    13 |     2 ||    38
       Potion            |       |     4 |     2 |     8 |     7 |     4 ||    25
 Stab: Paralysed         |       |       |    10 |    10 |    11 |       ||    31
       Held in net/web   |       |       |     1 |       |       |       ||     1
       Confused          |       |       |       |       |     3 |     2 ||     5
       Invisible         |       |       |       |       |     9 |       ||     9
       Distracted        |       |       |       |       |       |     1 ||     1
Armor: Scale mail        |    79 |   111 |   152 |   212 |   309 |       ||   863
       Plate armour      |       |       |       |       |   186 |    98 ||   284
Dodge: Dodged            |    56 |    94 |   165 |   219 |   363 |    86 ||   983

Levels and vault maps discovered:
D:1:      zaba_arrival_water, layout_loops_ring,
          chequers_ecumenical_altar_simple
D:2:      layout_loops_ring
D:3:      layout_rooms, hellmonk_ghost_happy_afterlife, gup_sewer_entry_pipe,
          serial_glass, glass_columns_a, glass_columns_c, item_on_display_a,
          wad_orctagon
D:4:      layout_loops_ring
D:5:      wad_pebble_path, layout_cave_pools, overflow_temple_1_default
D:6:      layout_loops_corners, minmay_temple_entry_statues_pillars,
          minmay_gold_behind_fungi, minmay_misc_feat_more_columns, uniq_maggie,
          uniq_pikel, uniq_grinder
D:7:      layout_rooms, chequers_temple_overflow_minitemple,
          gammafunk_ghost_nasty_kobolds, minmay_misc_feat_enclosed,
          grunt_ministairs_3, st_stairs_14
D:8:      layout_cave_pools, marbit_many_paths, lair_entry_dummy, serial_shops,
          kennysheep_mini_moat, uniq_joseph, uniq_erica
D:9:      layout_loops_ring, david_orc_3, skrybe_limestone_x, uniq_grum
D:10:     layout_roguey, minmay_misc_feat_room, minmay_misc_feat_x,
          minmay_misc_feat_doors
D:11:     layout_roguey, minivault_19, nemelex_lonely_heart_becter, uniq_sonja
D:12:     layout_roguey
D:13:     layout_rooms, david_vaults_5
D:14:     layout_basic, uniq_roxanne
D:15:     grunt_enter_depths_hoard, layout_basic, gammafunk_ghost_hydra_chop,
          grunt_decor_fettered, minivault_1, uniq_louise
Lair:1:   gammafunk_indiana_jones, layout_cellular_growth, serial_bayou_lake_a
Lair:2:   layout_cave_pods, minmay_swamp_entry_worms,
          guppyfry_snake_entry_garden, nicolae_quartered_pool_little,
          minmay_lair_oklob_chamber
Lair:3:   cheibrodos_magma_flow, layout_loops_ring, ebering_ghost_inner_flame
Lair:4:   layout_roguey, grunt_megastairs_3, serial_bayou_shore_b
Lair:5:   layout_big_grid, slime_altar_1, serial_bayou_shore_a,
          lemuel_fruit_tree, lemuel_fruit_fields
Lair:6:   hangedman_lair_tendril_chambers, layout_concentric_octagons,
          gammafunk_ghost_abyssal_escape
Snake:1:  layout_gridlike, special_room, nicolae_snake_serpentine_bazaar
Snake:2:  layout_chambers, nrook_guardian_serpent_ordinary, uniq_aizul
Orc:1:    orc_temple, layout_caves
Orc:2:    grunt_orc_tribal_feast, layout_diamond_mine, serial_shops, shop,
          portal_ice_cave_entry_pillars_2, uniq_josephine

Notes
Turn   | Place    | Note
-------+----------+-------------------------------------------
     0 | D:1      | demibob the Hill Orc Fighter began the quest for the Orb.
     0 | D:1      | Reached XP level 1. HP: 19/19 MP: 1/1
    60 | D:1      | Reached skill level 3 in Axes
   205 | D:1      | Reached XP level 2. HP: 26/26 MP: 2/2
   296 | D:1      | Reached skill level 4 in Axes
   505 | D:1      | Found a faded altar of an unknown god.
   934 | D:2      | Reached XP level 3. HP: 31/31 MP: 3/3
  1049 | D:2      | Reached skill level 5 in Axes
  1290 | D:2      | Reached XP level 4. HP: 35/39 MP: 4/4
  1446 | D:2      | Reached skill level 6 in Axes
  1451 | D:2      | HP: 3/39 [gnoll (7)]
  1453 | D:2      | HP: 1/39 [gnoll (3)]
  1943 | D:3      | Reached XP level 5. HP: 45/45 MP: 5/5
  1945 | D:3      | Noticed Frikar's ghost (amateur TrMo)
  1948 | D:3      | Found a runed translucent door.
  2100 | D:3      | Reached skill level 7 in Axes
  2276 | D:3      | Reached skill level 8 in Axes
  2276 | D:3      | Reached XP level 6. HP: 32/51 MP: 6/6
  3068 | D:4      | Reached skill level 9 in Axes
  3200 | D:4      | Noticed a steam dragon
  3221 | D:4      | HP: 3/52 [steam dragon (6)]
  3225 | D:4      | Killed a steam dragon
  3226 | D:4      | Reached skill level 4 in Fighting
  3226 | D:4      | Reached XP level 7. HP: 21/60 MP: 7/7
  3787 | D:4      | Identified the +8 longbow of Festooned Subterfuge {speed,
                  | rF- rC+ Dex+7}
  3961 | D:5      | Entered Level 5 of the Dungeon
  3968 | D:5      | Reached skill level 5 in Fighting
  3977 | D:5      | Found a glowing silver altar of Zin.
  3983 | D:5      | Reached skill level 10 in Axes
  4183 | D:5      | Became a worshipper of Zin the Law-Giver
  4183 | D:5      | Reached * piety under Zin
  4238 | D:5      | Reached ** piety under Zin
  4313 | D:5      | Reached skill level 1 in Invocations
  4505 | D:5      | Reached skill level 2 in Invocations
  4587 | D:5      | Reached XP level 8. HP: 68/69 MP: 9/9
  4703 | D:5      | Donated 138 gold pieces to Zin
  4990 | D:6      | Reached *** piety under Zin
  5002 | D:6      | Reached **** piety under Zin
  5091 | D:6      | Noticed Pikel
  5100 | D:6      | Killed Pikel
  5101 | D:6      | Reached skill level 11 in Axes
  5101 | D:6      | Reached skill level 5 in Invocations
  5377 | D:6      | Noticed Grinder
  5384 | D:6      | Paralysed by Grinder for 7 turns
  5396 | D:6      | Killed Grinder
  5397 | D:6      | Reached skill level 6 in Invocations
  5456 | D:6      | Reached skill level 12 in Axes
  5456 | D:6      | Reached XP level 9. HP: 44/74 MP: 12/14
  5668 | D:6      | Noticed Maggie
  6127 | D:6      | Found a staircase to the Ecumenical Temple.
  6187 | D:6      | Killed Maggie
  6188 | D:6      | Reached skill level 7 in Invocations
  6841 | D:6      | Reached skill level 8 in Invocations
  7151 | D:7      | Got the Grimoire of Supportive Arcane Weapons
  7394 | D:7      | HP: 7/74 [poisoned by a killer bee]
  7740 | D:7      | Reached skill level 13 in Axes
  7811 | D:7      | Found a runed translucent gate.
  7811 | D:7      | Found a runed translucent gate.
  7812 | D:7      | Found a runed translucent gate.
  7812 | D:7      | Noticed Arandomuser's ghost (novice MiFi)
  7814 | D:7      | Noticed a kobold demonologist
  7917 | D:7      | Found a glowing golden altar of the Shining One.
  7917 | D:7      | Found an ornate altar of the Wu Jian Council.
  7923 | D:7      | Found a radiant altar of Vehumet.
  7925 | D:7      | Found a hide-covered altar of Uskayaw.
  7927 | D:7      | Found a burning altar of Makhleb.
  7936 | D:7      | Got the Incunabulum of Earthen Confrontation
  8234 | D:8      | Found a staircase to the Lair.
  8254 | D:8      | Reached skill level 9 in Invocations
  8309 | D:8      | Noticed Erica
  8449 | D:8      | Reached skill level 6 in Fighting
  8449 | D:8      | Reached skill level 4 in Armour
  8728 | D:8      | Killed Erica
  8729 | D:8      | Reached XP level 10. HP: 74/84 MP: 15/17
  8730 | D:8      | Reached ***** piety under Zin
  8827 | D:8      | Identified the +0 cloak of the Guardian {rCorr MP+9 Str-5
                  | Dex+2}
  8844 | D:8      | Noticed Joseph
  8857 | D:8      | Killed Joseph
  8858 | D:8      | Reached skill level 5 in Armour
  9017 | D:8      | Found Samucois's Antique Armour Emporium.
  9020 | D:8      | Bought a pair of embroidered boots for 217 gold pieces
  9047 | D:8      | Reached skill level 7 in Fighting
  9297 | D:8      | Found a broken altar of Ashenzari.
  9425 | D:9      | Found a staircase to the Orcish Mines.
  9440 | D:8      | Reached skill level 10 in Invocations
  9726 | D:9      | Reached skill level 14 in Axes
 10375 | D:9      | Reached skill level 6 in Armour
 10477 | D:9      | Noticed Grum
 10483 | D:9      | Killed Grum
 10484 | D:9      | Reached skill level 8 in Fighting
 11211 | D:10     | Entered Level 10 of the Dungeon
 11491 | Lair:1   | Entered Level 1 of the Lair of Beasts
 11524 | Lair:1   | Reached XP level 11. HP: 68/94 MP: 19/19
 11531 | Lair:1   | Reached skill level 11 in Invocations
 11729 | Lair:1   | Reached skill level 7 in Armour
 12227 | Lair:1   | Reached skill level 9 in Fighting
 12436 | Lair:1   | Noticed a four-headed hydra
 12452 | Lair:1   | Killed a one-headed hydra
 13359 | Lair:1   | Reached skill level 15 in Axes
 13830 | Lair:2   | Noticed an oklob plant
 13976 | Lair:2   | Reached skill level 8 in Armour
 14285 | Lair:2   | Found a staircase to the Snake Pit.
 15085 | Lair:2   | Reached skill level 10 in Fighting
 15410 | Lair:2   | Found a staircase to the Swamp.
 16188 | Lair:3   | Reached XP level 12. HP: 77/106 MP: 20/20
 16811 | Lair:3   | Reached skill level 9 in Armour
 17383 | Lair:3   | Reached skill level 11 in Fighting
 17466 | Lair:3   | Reached skill level 16 in Axes
 18090 | Lair:3   | Reached skill level 10 in Armour
 18308 | Lair:3   | Found a runed translucent door.
 18308 | Lair:3   | Noticed iamoutofideas's ghost (journeyman DEAE)
 18850 | Lair:4   | Reached skill level 12 in Fighting
 19070 | Lair:4   | Noticed a boulder beetle
 19082 | Lair:4   | Killed a boulder beetle
 19283 | Lair:4   | Reached skill level 11 in Armour
 19709 | Lair:4   | Reached XP level 13. HP: 119/119 MP: 21/21
 20033 | Lair:5   | Found a staircase to the Slime Pits.
 20033 | Lair:5   | Found a viscous altar of Jiyva.
 20447 | Lair:5   | Reached ****** piety under Zin
 20596 | Lair:5   | Reached skill level 13 in Fighting
 21458 | D:11     | Identified a +1 robe of the Archmagi
 21496 | D:11     | Reached skill level 12 in Armour
 22129 | D:11     | Noticed Sonja
 22151 | D:11     | Killed Sonja
 22544 | D:11     | Found a sparkling altar of Nemelex Xobeh.
 23425 | D:12     | Reached skill level 14 in Fighting
 23682 | D:12     | Reached skill level 17 in Axes
 24739 | Lair:5   | Reached skill level 18 in Axes
 24739 | Lair:5   | Reached XP level 14. HP: 52/133 MP: 22/22
 25216 | Lair:6   | Entered Level 6 of the Lair of Beasts
 25619 | Lair:6   | Noticed ders's ghost (journeyman GrEE)
 25687 | Lair:6   | Found a one-way gate to the infinite horrors of the Abyss.
 25713 | Lair:6   | Found a transporter.
 25719 | Lair:6   | Found a transporter.
 25746 | Lair:6   | Reached skill level 15 in Fighting
 26155 | Lair:6   | Reached skill level 19 in Axes
 28122 | Orc:1    | Entered Level 1 of the Orcish Mines
 28355 | Orc:1    | Reached skill level 20 in Axes
 28612 | Orc:1    | Noticed an orc warlord
 28622 | Orc:1    | Killed an orc warlord
 29107 | Orc:1    | Reached skill level 16 in Fighting
 29645 | Orc:1    | Found a roughly hewn altar of Beogh.
 30277 | Orc:2    | Entered Level 2 of the Orcish Mines
 30281 | Orc:2    | Found a staircase to the Elven Halls.
 30338 | Orc:2    | Reached XP level 15. HP: 99/145 MP: 23/23
 30752 | Orc:2    | Found Estesur's Book Emporium.
 31295 | Orc:2    | Reached skill level 12 in Invocations
 31306 | Orc:2    | Noticed an orc warlord
 31306 | Orc:2    | Noticed Josephine
 31318 | Orc:2    | Killed Josephine
 31324 | Orc:2    | Killed an orc warlord
 31858 | Orc:2    | Reached skill level 17 in Fighting
 32592 | Orc:2    | Found Eceocs's Distillery.
 32592 | Orc:2    | Found Muphiruo's General Store.
 32594 | Orc:2    | Found Gear's Antique Weapon Shop.
 32594 | Orc:2    | Found Jesot's Antique Armour Emporium.
 32606 | Orc:2    | Bought a +4 ring of evasion for 540 gold pieces
 32610 | Orc:2    | Bought a pair of embroidered boots for 150 gold pieces
 32610 | Orc:2    | Bought a pair of glowing boots for 150 gold pieces
 32690 | D:8      | Bought a runed plate armour for 754 gold pieces
 33438 | D:13     | Found a gate to the Vaults.
 33774 | D:14     | Reached skill level 13 in Invocations
 33902 | D:14     | Identified a scroll of acquirement
 33903 | D:14     | Acquired the +5 executioner's axe "Xiub" {spect, rC+ Dex+3
                  | SInv}
 34125 | D:14     | Noticed Roxanne
 34844 | D:15     | Entered Level 15 of the Dungeon
 34992 | D:15     | Noticed Louise
 35003 | D:15     | Killed Louise
 35372 | D:15     | Found a runed translucent gate.
 35373 | D:15     | Found a runed translucent gate.
 35374 | D:15     | Found a runed translucent gate.
 35374 | D:15     | Noticed MuffinSoup's ghost (journeyman OpWz)
 35429 | D:15     | Reached skill level 14 in Invocations
 35886 | D:15     | Found a staircase to the Depths.
 36356 | Snake:1  | Entered Level 1 of the Snake Pit
 36664 | Snake:1  | Reached XP level 16. HP: 127/155 MP: 26/26
 37010 | Snake:1  | Reached skill level 13 in Armour
 37302 | Snake:1  | Found Weajolyh's General Store.
 37302 | Snake:1  | Found Jadiett's Armour Shoppe.
 37321 | Snake:1  | Found Izach's Jewellery Emporium.
 37473 | Snake:1  | Reached skill level 21 in Axes
 38588 | Snake:2  | Noticed a nagaraja
 38595 | Snake:2  | Killed a nagaraja
 39521 | Snake:2  | Reached skill level 14 in Armour
 39848 | Snake:2  | HP: 15/155 [constriction (4)]
 39852 | Snake:2  | Slain by a naga ritualist

Vanquished Creatures
  A nagaraja (Snake:2)
  Louise (D:15)
  2 orc warlords
  Josephine (Orc:2)
  A fire dragon (D:15)
  A rakshasa (D:14)
  2 naga warriors
  An ice dragon (D:15)
  3 hydras
  An ogre mage (D:15)
  A vault guard (D:13)
  2 boulder beetles
  3 anacondas
  A centaur warrior (D:15)
  Erica (D:8)
  A catoblepas (Lair:6)
  4 two-headed ogres
  2 tengu warriors (D:14)
  12 death yaks (Lair:5)
  3 shock serpents
  4 orc high priests
  Sonja (D:11)
  6 naga sharpshooters
  4 skeletal warriors (D:14)
  2 salamander mystics
  A naga ritualist (Snake:1)
  Pikel (D:6)
  A harpy (shapeshifter) (D:13)
  7 orc knights
  A wolf spider (Lair:6)
  An orb spider (shapeshifter) (D:13)
  5 ugly things
  2 deep elf pyromancers
  8 orc sorcerers
  5 mana vipers (Snake:1)
  2 cyclopes
  6 salamanders
  4 manticores
  Joseph (D:8)
  4 elephants (Lair:4)
  3 guardian serpents
  6 naga magi
  2 molten gargoyles (Lair:3)
  Maggie (D:6)
  24 black mambas
  A gargoyle (D:12)
  11 cane toads
  4 unseen horrors
  An efreet (D:11)
  A kobold demonologist (D:11)
  10 komodo dragons
  2 rime drakes
  5 trolls
  A polar bear (Lair:5)
  2 hornets (Lair:6)
  A tyrant leech (Lair:2)
  Grinder (D:6)
  4 slime creatures (D:12)
  6 dream sheep (Lair:6)
  17 blink frogs
  2 shadows (D:10)
  5 wraiths (Orc:2)
  4 redbacks (Lair:6)
  50 yaks
  9 wyverns
  Grum (D:9)
  3 basilisks
  3 steam dragons
  11 vampire mosquitoes
  10 nagas
  5 wargs
  2 acid dragons (D:11)
  24 water moccasins
  An ice beast (D:6)
  28 orc warriors
  A black bear (D:7)
  13 centaurs
  5 ogres
  3 wolves (D:9)
  2 lemures (D:6)
  A kobold brigand (D:11)
  A scorpion (D:7)
  A water moccasin zombie (D:5)
  17 bullfrogs
  9 killer bees
  A wight (D:8)
  5 electric eels (Lair:1)
  4 howler monkeys
  4 lava snakes (Lair:3)
  4 centaur zombies
  3 gnoll shamans
  22 orc priests
  2 jellies (D:4)
  2 iguanas (D:5)
  18 orc wizards
  A killer bee zombie (D:7)
  2 hound skeletons
  A howler monkey zombie (D:9)
  9 adders
  28 gnolls
  2 ufetubi
  3 adder skeletons (D:4)
  A worm (D:2)
  A dart slug (D:4)
  55 orcs
  6 endoplasms
  6 giant cockroaches
  5 goblins
  8 hobgoblins
  10 jackals
  8 quokkas
  4 ball pythons
  8 bats
  3 frilled lizards
  10 kobolds
  4 rats
664 creatures vanquished.

Vanquished Creatures (others)
  An orc wizard (Orc:2)
  An orc (Orc:2)
  A jackal (D:4)
  54 fungi
  A pillar of salt (Orc:1)
  73 plants
  3 toadstools (D:6)
134 creatures vanquished.

Grand Total: 798 creatures vanquished

Table legend: (Time is in decaauts)
 A = Elapsed time spent in this place.
 B = Non-inter-level travel time spent in this place.
 C = Inter-level travel time spent in this place.
 D = Time resting spent in this place.
 E = Time spent auto-exploring this place.
 F = Levels seen in this place.
 G = Mean time per level.
                   A        B        C        D        E       F      G
               +--------+--------+--------+--------+--------+-----+--------+
         Total |  39556 |  37864 |   1692 |  14950 |  18394 |  25 | 1582.2 |
       Dungeon |  18584 |  17580 |   1004 |   4824 |  10430 |  15 | 1238.9 |
          Lair |  13035 |  12487 |    548 |   5967 |   5196 |   6 | 2172.5 |
     Snake Pit |   3474 |   3429 |     45 |   1678 |   1395 |   2 | 1737.0 |
  Orcish Mines |   4460 |   4367 |     93 |   2480 |   1372 |   2 | 2230.0 |
               +--------+--------+--------+--------+--------+-----+--------+

Top non-repeatable levels by time:
     D:6: 2560 daAuts
  Lair:2: 2522 daAuts
  Lair:6: 2484 daAuts
  Lair:1: 2408 daAuts
   Orc:2: 2362 daAuts
  Lair:3: 2311 daAuts
   Orc:1: 2098 daAuts
     D:9: 1824 daAuts
 Snake:2: 1741 daAuts
 Snake:1: 1733 daAuts
  Lair:4: 1713 daAuts
  Lair:5: 1594 daAuts
    D:12: 1500 daAuts
    D:14: 1400 daAuts
    D:15: 1271 daAuts

Table legend:
 A = Non-vault XP
 B = Vault XP
 C = Vault XP percentage of total XP
 D = Non-vault monster count
 E = Vault monster count
 F = Vault count percentage of total count
                 A         B        C        D         E       F
            +---------+---------+-------+---------+---------+-------
      Total |  121639 |   36099 |  22.9 |     512 |     151 |  22.8
            +---------+---------+-------+---------+---------+-------
        D:1 |      29 |       0 |   0.0 |      20 |       0 |   0.0
        D:2 |     135 |       0 |   0.0 |      28 |       0 |   0.0
        D:3 |     181 |      28 |  13.4 |      23 |      12 |  34.3
        D:4 |     484 |       0 |   0.0 |      28 |       0 |   0.0
        D:5 |     379 |       0 |   0.0 |      13 |       0 |   0.0
        D:6 |     448 |    1391 |  75.6 |      10 |       5 |  33.3
        D:7 |     586 |      95 |  14.0 |       8 |       4 |  33.3
        D:8 |     668 |    1611 |  70.7 |      11 |       4 |  26.7
        D:9 |    1728 |    1017 |  37.0 |      21 |      14 |  40.0
       D:10 |    1724 |       0 |   0.0 |      14 |       0 |   0.0
       D:11 |    4675 |     802 |  14.6 |      17 |       1 |   5.6
       D:12 |    6707 |       0 |   0.0 |      24 |       0 |   0.0
       D:13 |    3667 |     969 |  20.9 |      12 |       1 |   7.7
       D:14 |    8251 |       0 |   0.0 |      16 |       0 |   0.0
       D:15 |    7093 |    3732 |  34.5 |      15 |       3 |  16.7
     Lair:1 |    5960 |       0 |   0.0 |      27 |       0 |   0.0
     Lair:2 |    2863 |     443 |  13.4 |       9 |       2 |  18.2
     Lair:3 |    6523 |    1088 |  14.3 |      30 |       6 |  16.7
     Lair:4 |    6159 |     147 |   2.3 |      18 |       1 |   5.3
     Lair:5 |   13922 |       0 |   0.0 |      24 |       0 |   0.0
     Lair:6 |    9666 |    9708 |  50.1 |      35 |      35 |  50.0
    Snake:1 |   14372 |       0 |   0.0 |      26 |       0 |   0.0
    Snake:2 |   18484 |       0 |   0.0 |      32 |       0 |   0.0
      Orc:1 |    2467 |    5256 |  68.1 |      33 |      28 |  45.9
      Orc:2 |    4468 |    9812 |  68.7 |      18 |      35 |  66.0
            +---------+---------+-------+---------+---------+-------
